 Dungeon Crawl Stone Soup version 0.31-a0-983-g7b6862f502 (webtiles) character file.

Game seed: 9206462760271477674

122 lunkers the Insei (level 4, -9/34 HPs)
             Began as a Demigod Shapeshifter on Nov 2, 2023.
             Mangled by an orc warrior
             ... wielding a +0 battleaxe
              (13 damage)
             ... on level 4 of the Dungeon.
             The game lasted 00:02:38 (1699 turns).

lunkers the Insei (Demigod Shapeshifter)            Turns: 1699, Time: 00:02:39

Health: -9/34      AC:  9    Str: 15    XL:     4   Next: 50%
Magic:  6/6        EV: 11    Int: 12    God:
Gold:   140        SH:  0    Dex: 17    Spells: 3/3 levels left

rFire   . .          .
                       - Unarmed
rCold   . . .        s - orb {*Rage}
rNeg    . . .        t - +0 ring mail
rPois   .            (helmet currently unavailable)
rElec   .            (cloak currently unavailable)
rCorr   .            (gloves currently unavailable)
SInv    .            (boots currently unavailable)
Will    +....        (no amulet)
Stlth   +            x - ring of willpower
HPRegen 0.25/turn    z - +4 ring of protection
MPRegen 0.10/turn

%: random rage (20%)
@: beast-form, on berserk cooldown, slowed, very slow
A: beast (slay +2), high MP 1, forlorn, divine attributes
a: Begin Untransformation


You were on level 4 of the Dungeon.
You were a hulking beast.
You visited 1 branch of the dungeon, and saw 4 of its levels.

You collected 140 gold pieces.

Inventory:

Armour
 a - a +0 animal skin
 f - a +0 pair of gloves
 i - a +0 pair of boots
 s - an orb of wrath (worn)
 t - a +0 ring mail (worn)
Jewellery
 p - a ring of see invisible
 u - an amulet of magic regeneration
 x - a ring of willpower (left hand)
 z - a +4 ring of protection (right hand)
Talismans
 c - a beast talisman
 d - a flux talisman
Wands
 n - a wand of flame (31)
Scrolls
 e - a scroll of noise
 g - a scroll of enchant weapon {unknown}
 o - 3 scrolls of identify {unknown}
 r - a scroll of revelation {unknown}
 v - a scroll of teleportation {unknown}
 y - a scroll of fog {unknown}
Potions
 b - a potion of lignification
 h - 3 potions of mutation {unknown}
 j - 2 potions of curing {unknown}
 k - a potion of attraction {unknown}
 l - 2 potions of magic {unknown}
 m - a potion of degeneration {unknown}
 q - a potion of brilliance {unknown}
 w - a potion of cancellation {unknown}


   Skills:
 - Level 0.8 Fighting
 - Level 1.7 Dodging
 * Level 4.4 Unarmed Combat
 + Level 3.5 Shapeshifting


You had 3 spell levels left.
You didn't know any spells.
Your spell library was empty.

Dungeon Overview and Level Annotations

Branches:
Dungeon (4/15)             Temple (0/1) D:4


Innate Abilities, Weirdness & Mutations

You are a hulking beast.
Your limbs bulge with bestial killing power. (Slay +2)
You have an increased reservoir of magic. (+10% MP)
You shall have no god before yourself.
Your divine heritage dramatically boosts your attributes as you level up.


Message History

The orc warrior is heavily wounded.
You are no longer berserk.
You are exhausted.
You feel yourself slow down.
The orc wizard casts a spell.
The orc wizard flickers and vanishes!
The orc warrior hits you with a +0 battleaxe!
The orc barely misses you.
You hit the orc warrior but do no damage.
The orc warrior is heavily wounded.
Something hits you. The orc warrior completely misses you.
The orc hits you but does no damage.
You hit the orc warrior but do no damage.
The orc warrior is heavily wounded.
You hear some strange, mumbled words.
A magic dart appears from out of thin air!
The magic dart hits you but does no damage.
The orc warrior hits you with a +0 battleaxe.
* * * LOW HITPOINT WARNING * * *
The orc barely misses you. Something hits you but does no damage.
The orc hits you but does no damage. x2; The orc warrior closely misses you.
Something hits you but does no damage.
You hit the orc warrior.
The orc warrior is heavily wounded.
Something hits you but does no damage. x2; The orc hits you with a +0 club.
* * * LOW HITPOINT WARNING * * *
The orc completely misses you.
The orc warrior hits you with a +0 battleaxe!
* * * LOW HITPOINT WARNING * * *
You hit the orc warrior but do no damage.
The orc warrior is heavily wounded.
Something hits you.
* * * LOW HITPOINT WARNING * * *
Something hits you but does no damage. The orc hits you but does no damage. x2
The orc warrior barely misses you.
You hit the orc warrior but do no damage.
The orc warrior is heavily wounded.
Something hits you but does no damage. x2
The orc warrior hits you with a +0 battleaxe!
You die...

....[ #. ....
#.####...
#.#.....##
#........###
#..........
#o{o..# #oh{..#
#####.....#
#..†.####.####
#.##.# #.÷..###
# #.#
####...########
#.#
###........#
#.# #####.....
#.# #.###. #.#
#...##


You could see an orc warrior and 2 orcs.

Vanquished Creatures
  An iguana (D:4)
  4 adders
  2 worms (D:2)
  2 dart slugs (D:1)
  4 ball pythons (D:4)
  2 bats
  3 endoplasms
  3 giant cockroaches
  2 goblins
  A hobgoblin (D:2)
  7 jackals
  5 quokkas
  2 frilled lizards (D:1)
  2 kobolds
  5 rats
45 creatures vanquished.

Notes
Turn   | Place    | Note
-------+----------+-------------------------------------------
     0 | D:1      | lunkers the Demigod Shapeshifter began the quest for the
                  | Orb.
     0 | D:1      | Reached XP level 1. HP: 15/15 MP: 3/3
   124 | D:1      | Reached skill level 3 in Unarmed Combat
   322 | D:2      | Reached XP level 2. HP: 18/22 MP: 4/4
   630 | D:2      | Reached XP level 3. HP: 16/27 MP: 5/5
  1300 | D:3      | Identified the +4 flail of the Fox {heavy, +Blink rElec rC+
                  | Will+}
  1432 | D:4      | Reached skill level 4 in Unarmed Combat
  1432 | D:4      | Reached XP level 4. HP: 29/34 MP: 6/6
  1553 | D:4      | Found a staircase to the Ecumenical Temple.
  1620 | D:4      | Identified the +0 spear "Nubulit" {freeze, rElec}
  1681 | D:4      | Noticed an orc warrior
  1682 | D:4      | Identified the +1 leather armour of Nihilism {Rampage Dex+4
                  | Stlth-}
  1699 | D:4      | Mangled by an orc warrior

Illustrated notes

Levels and vault maps discovered:
D:1:      lemuel_arrival_lava_pool, layout_basic, hangedman_decor_lopped,
          minmay_misc_feat_more_columns
D:2:      layout_basic, dreamdust_wishing_well, minmay_tromino_v4_b
D:3:      layout_basic, mainiacjoe_overflow_surrounded_room,
          lemuel_crystal_altar, minmay_quantized
D:4:      layout_basic, minmay_temple_entry_junction

Skill      XL: |  1  2  3 |
---------------+----------+-----
Unarmed Combat | 3 4 |  4.4
Shapeshifting  | 3 |  3.5
Fighting       | |  0.8
Dodging        | |  1.7

Action                     |  1- 3 |  4- 6 || total
---------------------------+-------+-------++-------
  Melee: Unarmed           |   117 |    35 ||   152
         Punch             |     1 |       ||     1
    Use: Scroll            |       |     1 ||     1
   Stab: Sleeping          |     2 |       ||     2
 Armour: Animal skin       |    33 |       ||    33
         Ring mail         |    17 |    46 ||    63
  Dodge: Dodged            |    63 |    26 ||    89

Table legend: (Time is in decaauts)
 A = Elapsed time spent in this place.
 B = Non-inter-level travel time spent in this place.
 C = Inter-level travel time spent in this place.
 D = Time resting spent in this place.
 E = Time spent auto-exploring this place.
 F = Levels seen in this place.
 G = Mean time per level.
                   A        B        C        D        E       F      G
               +--------+--------+--------+--------+--------+-----+--------+
         Total |   1736 |   1673 |     63 |     28 |   1199 |   4 |  434.0 |
       Dungeon |   1736 |   1673 |     63 |     28 |   1199 |   4 |  434.0 |
               +--------+--------+--------+--------+--------+-----+--------+

Top non-repeatable levels by time:
     D:2: 710 daAuts
     D:3: 389 daAuts
     D:4: 328 daAuts
     D:1: 309 daAuts
